 Dungeon Crawl Stone Soup version 0.21.0-3-g78d12a8 (webtiles) character file.

153001 theanonym the Warrior (level 17, -6/229 HPs)
             Began as an Ogre Transmuter on Jan 10, 2018.
             Was the Champion of Makhleb.
             Mangled by a mana viper (22 damage)
             ... on level 4 of the Snake Pit.
             The game lasted 01:54:48 (32502 turns).

theanonym the Warrior (Ogre Transmuter)            Turns: 32502, Time: 01:54:48

Health: -6/229     AC: 12    Str: 18    XL:     17   Next: 59%
Magic:  22/24      EV: 14    Int: 19    God:    Makhleb [******]
Gold:   470        SH:  5    Dex: 12    Spells: 1/26 levels left

rFire    x . .     SeeInvis .     - Unarmed
rCold    + + +     Gourm    .   (shield currently unavailable)
rNeg     . . .     Faith    .   (armour currently unavailable)
rPois    +         Spirit   .   (helmet currently unavailable)
rElec    .         Reflect  +   (cloak currently unavailable)
rCorr    .         Harm     .   (gloves unavailable)
MR       ++...                  (boots unavailable)
Stlth    +.........             n - amulet "Mucumy" {Reflect Dex+3 SH+5}
HPRegen  0.48/turn              p - ring of protection from magic {MR+}
MPRegen  0.19/turn              l - +4 ring of protection

@: lethally poisoned (-6 -> -15), ice-form, very slightly contaminated
A: large, unfitting armour
a: End Transformation, Minor Destruction, Lesser Servant of Makhleb, Major
Destruction, Greater Servant of Makhleb, Renounce Religion


Innate Abilities, Weirdness & Mutations

You are too large for most types of armour.
((You have tough skin. (AC +1)))


   Skills:
 + Level 17.2 Fighting
 + Level 8.1 Dodging
 * Level 16.4 Unarmed Combat
 - Level 5.0 Spellcasting
 - Level 8.0 Charms
 - Level 5.0 Necromancy
 - Level 10.0 Transmutations
 - Level 8.0 Ice Magic
 + Level 2.0 Air Magic
 - Level 5.0 Poison Magic
 - Level 8.0 Invocations


You had one spell level left.
You knew the following spells:

 Your Spells              Type           Power        Failure   Level  Hunger
a - Beastly Appendage     Tmut           #####.       1%          1    None
b - Sticks to Snakes      Tmut           #####...     1%          2    #......
c - Song of Slaying       Chrm           #####...     1%          2    #......
d - Ice Form              Ice/Tmut       #####...     3%          4    ####...
e - Spider Form           Tmut/Pois      ####......   1%          3    ##.....
g - Ozocubu's Armour      Chrm/Ice       #####...     1%          3    ##.....
q - Apportation           Tloc           #.....       12%         1    None
r - Regeneration          Chrm/Necr      ####......   2%          3    ##.....
t - Deflect Missiles      Chrm/Air       ###.......   94%         6    #######

Skill      XL: |  1  2  3  4  5  6  7  8  9 10 11 12 13 14 15 16 17 |
---------------+----------------------------------------------------+-----
Unarmed Combat | 3 4 5 6 8 10 11 12 13 14 15 16 | 16.4
Transmutations | 2 3 4 5 6 7 8 9 10 | 10.0
Fighting       | 2 3 4 6 7 9 11 12 13 14 15 16 17 | 17.2
Poison Magic   | 1 2 3 5 |  5.0
Spellcasting   | 3 4 5 |  5.0
Ice Magic      | 1 3 5 6 8 |  8.0
Invocations    | 3 4 5 8 |  8.0
Dodging        | 3 5 7 8 |  8.1
Charms         | 5 7 8 |  8.0
Necromancy     | 5 |  5.0
Air Magic      | 2 |  2.0

Action                   |  1- 3 |  4- 6 |  7- 9 | 10-12 | 13-15 | 16-18 || total
-------------------------+-------+-------+-------+-------+-------+-------++-------
Melee: Unarmed           |    70 |   200 |   312 |   500 |  1112 |   634 ||  2828
       Kick              |     3 |     4 |     1 |       |       |       ||     8
       Headbutt          |       |     2 |       |       |       |       ||     2
       Punch             |       |     2 |       |     1 |     1 |       ||     4
       Staff             |       |       |       |     4 |    15 |       ||    19
 Cast: Beastly Appendage |    10 |     8 |     1 |       |       |       ||    19
       Spider Form       |     3 |    14 |    35 |    47 |    12 |     1 ||   112
       Sticks to Snakes  |       |     3 |    13 |    18 |    14 |     1 ||    49
       Ice Form          |       |       |     5 |    14 |    69 |    40 ||   128
       Song of Slaying   |       |       |       |       |    16 |     1 ||    17
       Ozocubu's Armour  |       |       |       |       |    21 |    41 ||    62
       Regeneration      |       |       |       |       |    17 |    33 ||    50
Invok: Lesser Servant of |       |       |       |     2 |     6 |     7 ||    15
       Greater Servant o |       |       |       |       |     1 |       ||     1
 Abil: End Transformatio |       |     1 |       |     2 |     4 |     3 ||    10
Evoke: Wand              |       |       |     4 |     1 |     9 |     8 ||    22
  Use: Scroll            |       |     7 |     5 |    10 |    10 |    11 ||    43
       Potion            |       |       |     1 |     2 |     3 |     1 ||     7
 Stab: Sleeping          |       |       |     6 |     7 |     2 |       ||    15
       Distracted        |       |       |     1 |     4 |     2 |     3 ||    10
       Paralysed         |       |       |       |     5 |       |       ||     5
       Petrified         |       |       |       |       |     1 |       ||     1
  Eat: Chunk             |     1 |    11 |    14 |    27 |    39 |    10 ||   102
       Ration            |       |       |     2 |     1 |     5 |     7 ||    15
Armor: Robe              |    19 |    32 |    15 |     5 |    18 |     3 ||    92
       Skin              |       |     6 |    19 |    51 |   317 |   247 ||   640
Dodge: Dodged            |    31 |   175 |   260 |   271 |   504 |   337 ||  1578
Block: Other             |       |       |       |       |    39 |   146 ||   185
       Reflection        |       |       |       |       |     6 |    28 ||    34

Inventory:

Missiles
 u - 7 large rocks (quivered)
 K - 1023 arrows
Armour
 m - a +1 cloak (melded)
   (You took it off Crazy Yiuf on level 3 of the Dungeon)
 D - a +1 hat (melded)
   (You took it off Gastronok on level 2 of the Lair of Beasts)
 H - a +2 robe of resistance (melded) {0}
   (You found it on level 1 of the Dungeon)
Magical Staves
 a - an uncursed staff of cold (melded) {rC+}
   (You took it off Fannar on level 10 of the Dungeon)
Jewellery
 l - a +4 ring of protection (right front paw)
   (You bought it in a shop on level 10 of the Dungeon)
 n - the amulet "Mucumy" (around neck) {Reflect Dex+3 SH+5}
   (You bought it in a shop on level 10 of the Dungeon)

   [amulet of reflection]

   It shields you and reflects attacks.
   It affects your dexterity (+3).
   It affects your SH (+5).
 p - a ring of protection from magic (left front paw) {MR+}
   (You found it on level 14 of the Dungeon)
 x - a +4 ring of strength
   (You found it on level 1 of the Lair of Beasts)
 L - an uncursed ring of poison resistance {rPoisrPois}
   (You found it on level 1 of the Snake Pit)
 W - an uncursed ring of positive energy {rN+rN+}
   (You took it off a naga on level 2 of the Snake Pit)
Wands
 c - a wand of clouds (19)
   (You found it on level 4 of the Dungeon)
 d - a wand of digging (30)
   (You found it on level 9 of the Dungeon)
 g - a wand of enslavement (18)
   (You found it on level 4 of the Dungeon)
 j - a wand of polymorph (38)
   (You took it off Terence on level 2 of the Dungeon)
 k - a wand of iceblast (8)
   (You found it on level 2 of the Dungeon)
 v - a wand of acid (20)
   (You found it on level 5 of the Dungeon)
 B - a wand of flame (138)
   (You found it on level 7 of the Dungeon)
 U - a wand of paralysis (10)
   (You took it off a centaur on level 6 of the Dungeon)
Scrolls
 b - 4 scrolls of blinking
 f - 2 scrolls of fog
 h - 5 scrolls of enchant armour
 i - 3 scrolls of immolation
 r - 3 scrolls of identify
 t - 5 scrolls of teleportation {!r}
 y - 2 scrolls of magic mapping
 F - 6 scrolls of amnesia
 I - 7 scrolls of remove curse
Potions
 o - 4 potions of flight
 q - 3 potions of heal wounds
 s - 3 potions of haste
 w - 5 potions of curing
 C - 4 potions of cancellation
 E - a potion of resistance {rF+ rC+}
 G - 2 potions of lignification
 R - 2 potions of invisibility
 S - a potion of berserk rage
 T - a potion of mutation
Books
 z - a book of Summonings
   (You found it on level 15 of the Dungeon)
 N - a book of Cantrips
   (You found it on level 2 of the Snake Pit)
 P - a book of Battle
   (You found it on level 3 of the Lair of Beasts)
 Q - a book of the Sky
   (You found it on level 15 of the Dungeon)
Miscellaneous
 J - a lightning rod (4/4)
   (You found it on level 9 of the Dungeon)
Comestibles
 e - 42 rations
 A - 6 chunks of flesh


You were on level 4 of the Snake Pit.
You worshipped Makhleb.
Makhleb was exalted by your worship.
You were not hungry.
You were a creature of crystalline ice.
You visited 4 branches of the dungeon, and saw 27 of its levels.
You also visited: Ice Cave.

You collected 2243 gold pieces.
You spent 1773 gold pieces at shops.

Dungeon Overview and Level Annotations

Branches:
Dungeon (15/15)            Temple (0/1) D:6            Lair (6/6) D:10
 Shoals (0/4) Lair:2        Snake (4/4) Lair:2        Slime (0/5) Lair:5
    Orc (2/2) D:12            Elf (0/3) Orc:2        Vaults (0/5) D:13
 Depths (0/5) D:15

Altars:
Cheibriados
Dithmenos
Elyvilon
Fedhas
Kikubaaqudgha
Makhleb
Qazlal
Trog
Vehumet
Zin
The Shining One
Jiyva

Shops:
D:2 *   D:5 *   D:7 :   D:10 [=(=   D:11 !   D:13 :   Orc:1 (   Orc:2 (*[[
Snake:1 =}=   Snake:2 *

Portals:
Trove: D:12 (give 6 scrolls of blinking)

Annotations:
D:11 dig

# ....... #
....... #
....... ..
...... ##.
....# . #.
######... ..#
#.!
#!.....#.....
#.. #.Y....#
...
......S........
###
.........###!.S
... ####.....#
S ... ........
..# #.........
. #S.....###
#......#


You could see 2 mana vipers and 2 black mambas.

Notes
Turn   | Place    | Note
-------+----------+-------------------------------------------
     0 | D:1      | theanonym the Ogre Transmuter began the quest for the Orb.
     0 | D:1      | Reached XP level 1. HP: 19/19 MP: 3/3
   366 | D:1      | Reached skill level 3 in Unarmed Combat
   366 | D:1      | Reached skill level 2 in Transmutations
   367 | D:1      | Reached XP level 2. HP: 22/27 MP: 3/5
   375 | D:1      | Learned a level 2 spell: Sticks to Snakes
   764 | D:1      | Reached XP level 3. HP: 35/35 MP: 4/6
   918 | D:1      | Learned a level 3 spell: Spider Form
   954 | D:2      | Noticed a sky beast
  1003 | D:2      | Reached skill level 2 in Fighting
  1003 | D:2      | Reached XP level 4. HP: 37/42 MP: 1/7
  1129 | D:2      | Noticed Terence
  1141 | D:2      | HP: 22/44 [poisoned by an adder]
  1146 | D:3      | HP: 18/44 [poisoned by an adder]
  1151 | D:3      | HP: 16/44 [poisoned by an adder]
  1157 | D:3      | HP: 14/44 [poisoned by an adder]
  1162 | D:3      | HP: 12/44 [poisoned by an adder]
  1170 | D:3      | HP: 12/44 [poisoned by an adder]
  1532 | D:3      | Found a runed door.
  1584 | D:3      | Reached skill level 1 in Poison Magic
  1591 | D:3      | Reached skill level 4 in Unarmed Combat
  1591 | D:3      | Reached XP level 5. HP: 41/52 MP: 2/8
  1753 | D:3      | Reached skill level 3 in Fighting
  1794 | D:3      | Found a glowing drain.
  2054 | D:2      | Killed Terence
  2124 | D:2      | Reached skill level 3 in Transmutations
  2249 | D:2      | Reached XP level 6. HP: 61/61 MP: 9/9
  2294 | D:2      | Found Zin's Purification Station.
  2298 | D:2      | Found a glowing silver altar of Zin.
  2386 | D:2      | Found a radiant altar of Vehumet.
  2476 | D:2      | HP: 30/61 [sky beast (5)]
  2478 | D:2      | Killed a sky beast
  2525 | D:3      | wazuzu: suk pidr sdoh s 79 AC v vestibule
  2652 | D:3      | wazuzu: !lg thaneod grcj
  2669 | D:3      | HP: 30/62 [poisoned by an adder]
  2671 | D:3      | wazuzu: !lg thaneod grcj -log
  2671 | D:3      | beem: 2. Thaneod, XL27 GrCj, T:63809: http://crawl.xtahua.com/crawl/morgue/Thaneod/morgue-Thaneod-20180110-135040.txt
  2671 | D:3      | beem: 2. Thaneod the Conqueror (L27 GrCj of The Shining One), mangled by a stone giant (created by the rage of Trog) in Hell (vestibule_of_hell_subvaulted; vestibule_geh_nicolae_lava_paths) on 2018-01-10 13:50:40, with 772744 points after 63809 turns and 3:24:21.
  2672 | D:3      | wazuzu: i storozhit
  2674 | D:3      | HP: 18/62 [poisoned by an adder]
  2676 | D:3      | Reached skill level 2 in Poison Magic
  2679 | D:3      | HP: 12/62 [poisoned by an adder]
  2684 | D:3      | HP: 10/62 [poisoned by an adder]
  2689 | D:3      | HP: 9/62 [poisoned by an adder]
  2696 | D:3      | HP: 8/62 [poisoned by an adder]
  2704 | D:3      | HP: 8/62 [poisoned by an adder]
  2974 | D:3      | wazuzu: mimo krokodil pozhalovatsa
  2974 | D:3      | theanonym: Какой трог у мага?
  3098 | D:3      | Found a faded altar of an unknown god.
  3255 | D:3      | Noticed Crazy Yiuf
  3260 | D:3      | Killed Crazy Yiuf
  3422 | D:4      | Reached skill level 4 in Fighting
  3450 | D:4      | Reached skill level 5 in Unarmed Combat
  3450 | D:4      | Reached XP level 7. HP: 70/70 MP: 1/10
  3491 | D:4      | theanonym: До дживы что ли попробовать дойти
  3549 | D:4      | Learned a level 4 spell: Ice Form
  3563 | D:4      | Noticed Pikel
  3579 | D:4      | HP: 35/70 [Pikel/whip of freezing (1)]
  3584 | D:4      | Killed Pikel
  3584 | D:4      | Reached skill level 3 in Spellcasting
  3584 | D:4      | Reached skill level 1 in Ice Magic
  3584 | D:4      | Reached XP level 8. HP: 24/79 MP: 4/13
  3856 | D:4      | HP: 32/79 [orc priest/divine providence (9)]
  3858 | D:4      | HP: 7/79 [orc priest/divine providence (11)]
  3862 | D:4      | Reached skill level 5 in Fighting
  3887 | D:4      | Reached skill level 4 in Transmutations
  4365 | D:4      | Reached skill level 6 in Unarmed Combat
  4503 | D:4      | Found a snail-covered altar of Cheibriados.
  4509 | D:4      | Reached skill level 2 in Ice Magic
  4767 | D:5      | Entered Level 5 of the Dungeon
  4845 | D:5      | HP: 39/81 [quokka (4)]
  4851 | D:5      | HP: 38/81 [poisoned by an adder]
  5133 | D:5      | Noticed Menkaure
  5141 | D:5      | Killed Menkaure
  5144 | D:5      | Found Xiotor's General Store.
  5493 | D:5      | Found a blossoming altar of Fedhas.
  5494 | D:5      | Found a burning altar of Makhleb.
  5494 | D:5      | Found a white marble altar of Elyvilon.
  5495 | D:5      | Found an ancient bone altar of Kikubaaqudgha.
  5520 | D:5      | Found a shadowy altar of Dithmenos.
  5579 | D:5      | Became a worshipper of Makhleb the Destroyer
  6114 | D:6      | Reached skill level 6 in Fighting
  6142 | D:6      | Reached skill level 3 in Ice Magic
  6166 | D:6      | Found a stormy altar of Qazlal.
  6319 | D:6      | Reached XP level 9. HP: 50/89 MP: 14/14
  6489 | D:6      | Found a staircase to the Ecumenical Temple.
  6531 | D:6      | Reached skill level 7 in Unarmed Combat
  6705 | D:6      | Found a blossoming altar of Fedhas.
  6798 | D:6      | Reached skill level 5 in Transmutations
  7186 | D:7      | Reached skill level 4 in Ice Magic
  7205 | D:7      | Reached * piety under Makhleb
  7350 | D:7      | Reached skill level 7 in Fighting
  7704 | D:7      | HP: 48/110 [orc warrior/war axe of electrocution (16)]
  7707 | D:7      | Reached skill level 8 in Unarmed Combat
  7707 | D:7      | Reached skill level 5 in Ice Magic
  8084 | D:7      | Reached skill level 4 in Spellcasting
  8159 | D:7      | Found Amom's Book Emporium.
  8239 | D:7      | HP: 47/95 [something (9)]
  8243 | D:7      | Reached XP level 10. HP: 52/103 MP: 13/16
  8517 | D:7      | Reached ** piety under Makhleb
  8602 | D:8      | Found a burning altar of Makhleb.
  8621 | D:8      | Reached skill level 8 in Fighting
  8972 | D:8      | Found a glowing golden altar of the Shining One.
  9143 | D:8      | Noticed kegs's ghost (novice HOFi)
  9158 | D:8      | Killed kegs's ghost
  9158 | D:8      | Reached skill level 9 in Unarmed Combat
  9208 | D:8      | Noticed a two-headed ogre
  9313 | D:8      | Killed a two-headed ogre
  9313 | D:8      | Reached skill level 9 in Fighting
  9313 | D:8      | Reached skill level 6 in Transmutations
 10023 | D:9      | Reached skill level 10 in Unarmed Combat
 10035 | D:9      | Noticed a two-headed ogre
 10040 | D:9      | HP: 53/108 [something (5)]
 10050 | D:10     | Entered Level 10 of the Dungeon
 10268 | D:10     | Reached XP level 11. HP: 116/116 MP: 13/17
 10376 | D:9      | Reached skill level 10 in Fighting
 10399 | D:9      | Reached skill level 7 in Transmutations
 10704 | D:9      | Reached *** piety under Makhleb
 10795 | D:9      | Killed a two-headed ogre
 11173 | D:10     | Found Cibonlix's Jewellery Boutique.
 11203 | D:10     | Reached skill level 1 in Invocations
 11210 | D:10     | HP: 59/118 [yak (11)]
 11441 | D:10     | Noticed Fannar
 11459 | D:10     | Killed Fannar
 11459 | D:10     | Reached skill level 11 in Unarmed Combat
 11473 | D:10     | Found a staircase to the Lair.
 11521 | D:10     | Noticed Erica
 11564 | D:10     | Reached skill level 3 in Poison Magic
 11575 | D:10     | HP: 41/118 [something/bolt of poison (51)]
 11579 | D:10     | Killed Erica
 11579 | D:10     | Reached skill level 2 in Invocations
 11911 | D:10     | Found Ograkhei's Armour Shoppe.
 12175 | D:10     | Found a bloodstained altar of Trog.
 12205 | D:10     | Found Wettexaupp's Weapon Shop.
 12243 | D:10     | Found Ijeydgh's Jewellery Emporium.
 12316 | D:10     | Bought a +4 ring of protection for 504 gold pieces
 12368 | Lair:1   | Entered Level 1 of the Lair of Beasts
 12530 | Lair:1   | Reached skill level 11 in Fighting
 12530 | Lair:1   | Reached skill level 3 in Invocations
 12598 | Lair:1   | Reached XP level 12. HP: 130/130 MP: 14/18
 13080 | Lair:1   | Reached **** piety under Makhleb
 13080 | Lair:1   | Reached skill level 4 in Poison Magic
 13453 | Lair:2   | Reached skill level 8 in Transmutations
 13464 | Lair:2   | Noticed Gastronok
 13506 | Lair:2   | HP: 64/130 [Gastronok/the air (16)]
 13511 | Lair:2   | Killed Gastronok
 13511 | Lair:2   | Reached skill level 4 in Invocations
 13904 | Lair:2   | Reached skill level 2 in Dodging
 14006 | Lair:2   | Reached skill level 12 in Unarmed Combat
 14106 | Lair:2   | Found a staircase to the Snake Pit.
 14336 | Lair:2   | Found a staircase to the Shoals.
 14531 | Lair:3   | Noticed an eight-headed hydra
 14562 | Lair:3   | Killed an eight-headed hydra
 15310 | Lair:4   | Reached skill level 5 in Poison Magic
 15323 | Lair:4   | Reached skill level 12 in Fighting
 15323 | Lair:4   | Reached skill level 3 in Dodging
 15426 | Lair:4   | Reached XP level 13. HP: 140/140 MP: 19/19
 15433 | Lair:4   | theanonym: Походу с маком не нужна спайдер форма
 15433 | Lair:4   | theanonym: В ледяной проще табать с постоянным отхилом
 15729 | Lair:4   | Reached skill level 4 in Dodging
 15734 | Lair:4   | Reached skill level 9 in Transmutations
 15835 | Lair:4   | Noticed Snorg
 15875 | Lair:4   | Killed Snorg
 15982 | Lair:4   | Reached skill level 13 in Unarmed Combat
 16591 | Lair:5   | Found a runed door.
 16591 | Lair:5   | Found a viscous altar of Jiyva.
 16591 | Lair:5   | Found a staircase to the Slime Pits.
 16783 | Lair:5   | Reached ***** piety under Makhleb
 16953 | Lair:5   | Reached skill level 13 in Fighting
 17278 | Lair:5   | Reached skill level 5 in Dodging
 17474 | Lair:6   | Entered Level 6 of the Lair of Beasts
 17760 | Lair:6   | Reached skill level 5 in Spellcasting
 17763 | Lair:6   | Reached XP level 14. HP: 153/153 MP: 21/21
 17797 | Lair:6   | Learned a level 3 spell: Regeneration
 17800 | Lair:6   | Learned a level 2 spell: Song of Slaying
 17913 | Lair:6   | Reached skill level 10 in Transmutations
 17961 | Lair:6   | Reached skill level 1 in Charms
 17961 | Lair:6   | Reached skill level 1 in Necromancy
 18037 | Lair:6   | Reached skill level 2 in Charms
 18037 | Lair:6   | Reached skill level 2 in Necromancy
 18431 | Lair:6   | Reached skill level 3 in Charms
 18431 | Lair:6   | Reached skill level 3 in Necromancy
 18556 | Lair:6   | Reached skill level 4 in Charms
 18556 | Lair:6   | Reached skill level 4 in Necromancy
 18657 | Lair:6   | Reached ****** piety under Makhleb
 18657 | Lair:6   | Reached skill level 5 in Charms
 18657 | Lair:6   | Reached skill level 5 in Necromancy
 19131 | D:7      | Bought a book of Frost for 525 gold pieces
 19135 | D:7      | Learned a level 3 spell: Ozocubu's Armour
 19808 | D:11     | Reached skill level 14 in Unarmed Combat
 19933 | D:11     | Noticed Sonja
 19941 | D:11     | Killed Sonja
 20003 | D:11     | Noticed ahub's ghost (journeyman DsFi)
 20017 | D:11     | Killed ahub's ghost
 20295 | D:11     | Found Misk's Distillery.
 20307 | D:11     | Bought a potion of curing for 36 gold pieces
 20332 | D:11     | Noticed skk's ghost (novice DDFi)
 20345 | D:11     | Killed skk's ghost
 20348 | D:11     | Found a glowing golden altar of the Shining One.
 20348 | D:11     | Found a runed door.
 20348 | D:11     | Noticed an angel
 20734 | D:11     | Killed an angel
 20734 | D:11     | Reached skill level 5 in Invocations
 20869 | D:12     | Reached skill level 14 in Fighting
 20905 | D:12     | Found a portal to a secret trove of treasure.
 21095 | D:12     | Found a staircase to the Orcish Mines.
 21404 | Orc:1    | Entered Level 1 of the Orcish Mines
 21457 | Orc:1    | Reached XP level 15. HP: 163/163 MP: 19/22
 21490 | Orc:1    | Found Zaji's Weapon Shop.
 21570 | Orc:2    | Entered Level 2 of the Orcish Mines
 21576 | Orc:2    | Found a staircase to the Elven Halls.
 21578 | Orc:2    | Noticed an orc warlord
 21624 | Orc:2    | HP: 96/195 [orc warlord/great sword (39)]
 21627 | Orc:2    | Killed an orc warlord
 21830 | Orc:2    | Noticed Azrael
 21847 | Orc:2    | Killed Azrael
 21847 | Orc:2    | Reached skill level 6 in Charms
 22067 | Orc:2    | Noticed tidbits's ghost (journeyman VSAE)
 22073 | Orc:2    | Noticed a cacodemon
 22155 | Orc:2    | Noticed Nessos
 22169 | Orc:2    | Killed Nessos
 22169 | Orc:2    | Reached skill level 6 in Invocations
 22191 | Orc:2    | HP: 98/198 [orc warrior/tomahawk of returning (12)]
 22197 | Orc:2    | HP: 84/198 [poisoned by Nessos]
 22206 | Orc:2    | HP: 89/198 [poisoned by Nessos]
 22945 | Orc:2    | Found Waeph's Armour Shop.
 23001 | Orc:2    | Killed tidbits's ghost
 23186 | Orc:2    | Paralysed by an orc sorcerer for 4 turns
 23380 | Orc:2    | HP: 80/198 [orc warrior/broad axe (34)]
 23384 | Orc:2    | Reached skill level 7 in Invocations
 23385 | Orc:2    | HP: 38/198 [orc warrior/broad axe (21)]
 23931 | Orc:2    | Found Zuoghou's Armour Emporium.
 23937 | Orc:2    | Found Faylu's Assorted Antiques.
 23939 | Orc:2    | Found Vas Man's Antique Weapon Shop.
 24366 | D:10     | Bought the amulet "Mucumy" {Reflect Dex+3 SH+5} for 708 gold pieces
 24760 | D:13     | Found Riarysmont's Book Shop.
 24831 | D:13     | Reached skill level 7 in Charms
 24853 | D:13     | Found a gate to the Vaults.
 25155 | D:14     | Reached skill level 15 in Fighting
 25169 | D:14     | Reached skill level 8 in Invocations
 25172 | D:14     | HP: 80/167 [brown ugly thing (17)]
 25663 | D:14     | Noticed MTVSty1e's ghost (journeyman FoFi)
 25672 | D:14     | Killed MTVSty1e's ghost
 26152 | D:14     | Reached skill level 6 in Ice Magic
 26170 | D:15     | Entered Level 15 of the Dungeon
 26195 | D:15     | Reached XP level 16. HP: 176/176 MP: 23/23
 26268 | D:15     | wazuzu: kakoi zhe hp ebicheskii
 26292 | D:15     | Reached skill level 15 in Unarmed Combat
 26295 | D:15     | wazuzu: +30 i +20
 26327 | D:15     | theanonym: Я на ограх никогда файтинг не отключа
 26327 | D:15     | theanonym: Пока до 25 не дойдёт
 26327 | D:15     | wazuzu: !stalk
 26329 | D:15     | beem: wazuzu the L26 HOMo^Zin in Crypt:3 (cxc tiles), T:63915, runes: 2 (barnacled, serpentine), defenses: 31/18/18, stats: 23/13/17, >15 skills: Fighting,Maces & Flails,Armour,Shields,Invocations
 26349 | D:15     | wazuzu: гомозин ktk
 26350 | D:15     | wazuzu: лел
 26355 | D:15     | wazuzu: где хп епта
 26355 | D:15     | wazuzu: на 27 лвл 287 хп с 1 лвл робусты
 26355 | D:15     | wazuzu: я кстати уже 27, черепашка пиздит
 26355 | D:15     | theanonym: У меня в дракон форме почти 500 было
 26355 | D:15     | wazuzu: а у тебя на 16 члвл уже 200
 26355 | D:15     | theanonym: !lg . xl=27 ogtm -log
 26355 | D:15     | wazuzu: дракону тоже +30?
 26355 | D:15     | beem: 1. theanonym, XL27 OgTm, T:85745: http://crawl.xtahua.com/crawl/morgue/theanonym/morgue-theanonym-20171229-205303.txt
 26355 | D:15     | theanonym: ??dragon form
 26355 | D:15     | beem: dragon form[1/3]: You're a dragon now! RAAAAWR! Breathe fire! Be tough (+50% hp) and strong! Gives +10 str, flight, rPois+ rFire++ rCold-, 34% GDR, 16 AC exactly, giant size (will nuke your EV). Base unarmed damage (including claws) = (38 + unarmed_skill). Gives Claws 3 (works for offhand punch) and 2 additional auxiliary attacks, bite and tail-slap.
 26355 | D:15     | theanonym: +50%
 26355 | D:15     | wazuzu: мне очень прет играть огтм просто из-за циферок, но я обычно дальше лейра не иду
 26355 | D:15     | wazuzu: !lg wazuzu optm clvl>12
 26355 | D:15     | beem: Unknown field: clvl
 26355 | D:15     | theanonym: Дракон ещё с одного удара убивает всех из-за бонуса к анармеду и доп атак
 26355 | D:15     | wazuzu: !lg wazuzu optm lvl>12
 26355 | D:15     | theanonym: Но защита очень низкая, чисто на хп держится
 26355 | D:15     | wazuzu: yep
 26355 | D:15     | wazuzu: esli apat dex na lvlup, prokachat chutka dozhd, to u pauka mozhno imet 40ev na tvoem lvl
 26355 | D:15     | wazuzu: 40+
 26355 | D:15     | wazuzu: pri hp ogra
 26355 | D:15     | wazuzu: esli ne huesosit to norm
 26355 | D:15     | wazuzu: s hlebom ili oka zaebis
 26355 | D:15     | wazuzu: hleb othil, oka dmg + dozhd
 26355 | D:15     | theanonym: Когда рассчитываешь на додж всегда умираешь
 26355 | D:15     | wazuzu: yep
 26355 | D:15     | wazuzu: a nado igrat tak kak budto ego net
 26355 | D:15     | theanonym: Ледяной толще и бьёт намного сильне
 26355 | D:15     | wazuzu: na 9 dmg silnee + brand
 26355 | D:15     | wazuzu: nu u ledyanogo ev nikakoi
 26355 | D:15     | wazuzu: 12 eto sho
 26355 | D:15     | theanonym: Я 5 додж прокачал
 26355 | D:15     | theanonym: А ловкость смысл повышать?
 26355 | D:15     | theanonym: Интеллекта мало
 26355 | D:15     | wazuzu: prokachai 10 dozhd budet 15 ev
 26355 | D:15     | wazuzu: u ogra tm?
 26355 | D:15     | wazuzu: start s 15 shtole, ne?
 26355 | D:15     | wazuzu: ili 14
 26355 | D:15     | theanonym: !stats ogtm
 26355 | D:15     | wazuzu: eto dohuya
 26355 | D:15     | beem: Starting stats for OgTm: Str 13 Int 14 Dex 9. Stat gain: s/3
 26355 | D:15     | wazuzu: 14
 26355 | D:15     | theanonym: Вообще учитывая что сила сама постоянно растёт, огру надо броню и бх
 26355 | D:15     | wazuzu: drXe startuet s 16
 26355 | D:15     | wazuzu: !stats drfe
 26355 | D:15     | wazuzu: !stats ogwz
 26683 | D:15     | wazuzu: bimo plez
 26687 | D:15     | wazuzu: !stats drfe
 26737 | D:15     | wazuzu: !stats ogwz
 26778 | D:15     | beem: Starting stats for DrFE: Str 10 Int 15 Dex 11. Stat gain: sid/4
 26788 | D:15     | beem: Starting stats for OgWz: Str 10 Int 19 Dex 7. Stat gain: s/3
 26793 | D:15     | wazuzu: lel 15
 26802 | D:15     | HP: 101/211 [seven-headed hydra[a glowing orange brain] (15)]
 26805 | D:15     | wazuzu: dr ya ne ponimayu
 26819 | D:15     | HP: 99/211 [rakshasa/whip (8)]
 26823 | D:15     | wazuzu: sistema krutaya, no ds vso ravno lucnshe esli hochesh randoma
 26823 | D:15     | theanonym: Драконам надо додж сделать 0 или +1 вместо -2
 26833 | D:15     | Reached skill level 8 in Charms
 26839 | D:15     | Found a staircase to the Depths.
 26851 | D:15     | wazuzu: also neeboo kakogo boga nado dr kasteru. Vehu i ashe nahui, sif sama po sebe govno
 26888 | D:15     | wazuzu: ru? yred? dith?
 26888 | D:15     | wazuzu: dith eto ne na 15 run
 26888 | D:15     | theanonym: Можно хепла взять
 26888 | D:15     | wazuzu: hotya tam defens, offens, stealth
 26888 | D:15     | wazuzu: hepl kstati, mb
 26888 | D:15     | theanonym: Воин
 26888 | D:15     | wazuzu: s neherom
 26888 | D:15     | wazuzu: ili voinim
 27017 | D:15     | wazuzu: sps, poprobuyu of dith / hepl
 27021 | D:15     | wazuzu: kogda homozina proebu
 27021 | D:15     | theanonym: Доместос по идее может фаерболы дублировать
 27021 | D:15     | wazuzu: >faerboly
 27025 | D:15     | wazuzu: horoshaya marshrutka
 27025 | D:15     | theanonym: Меня похоже и в шолсах и змеях уничтожат
 27253 | Snake:1  | Entered Level 1 of the Snake Pit
 27254 | Snake:1  | wazuzu: zmei zhe zbs
 27254 | Snake:1  | wazuzu: hleb + ice
 27271 | Snake:1  | wazuzu: shoalsy - mogut vyebat, no tozh ice dla swimminga i hleb
 27272 | Snake:1  | wazuzu: dolzhno byt ok
 27273 | Snake:1  | wazuzu: est' amu of faith?
 27275 | Snake:1  | theanonym: Да
 27275 | Snake:1  | theanonym: Я на +5 SH поменял
 27275 | Snake:1  | wazuzu: fug
 27281 | Snake:1  | theanonym: Демонов спамить что ли?
 27281 | Snake:1  | wazuzu: d@ + evo
 27281 | Snake:1  | theanonym: Я так-то 2 раза проходил 5 с маком и этим амулетом
 27281 | Snake:1  | wazuzu: hotya eto ogr
 27281 | Snake:1  | wazuzu: u nego +1 invo
 27281 | Snake:1  | theanonym: 15
 27290 | Snake:1  | wazuzu: 15 norm
 27465 | Snake:1  | Reached skill level 7 in Ice Magic
 27760 | Snake:1  | Reached skill level 16 in Fighting
 27895 | Snake:1  | HP: 85/214 [naga warrior/enchanted flail (24)]
 27900 | Snake:1  | HP: 78/214 [poisoned by a naga warrior (splash of poison)]
 27905 | Snake:1  | HP: 45/214 [poisoned by a naga warrior (splash of poison)]
 27909 | Snake:1  | wazuzu: hm
 27910 | Snake:1  | HP: 51/214 [poisoned by a naga warrior (splash of poison)]
 28333 | Snake:1  | Found Foigul's Gadget Shoppe.
 28334 | Snake:1  | Found Ostruoch's Jewellery Boutique.
 28334 | Snake:1  | Found Aruph's Jewellery Boutique.
 28340 | Snake:1  | wazuzu: ya ushel posrat, a govno u tebia okazalos
 28340 | Snake:1  | wazuzu: D:
 28346 | Snake:1  | theanonym: Ладно я устал пока
 28404 | Snake:1  | Reached skill level 6 in Dodging
 28528 | Snake:2  | Found Kiybrih's General Store.
 28529 | Snake:2  | Noticed Saint Roka
 28637 | Snake:2  | HP: 106/214 [naga mage/halberd (19)]
 28643 | Snake:1  | HP: 71/214 [orc warrior/short sword[Saint Roka] (16)]
 29005 | Snake:2  | Learned a level 1 spell: Apportation
 29108 | Snake:2  | HP: 107/214 [naga/dire flail (6)]
 29113 | Snake:2  | HP: 80/214 [naga warrior/glaive (3)]
 29118 | Snake:2  | HP: 70/214 [poisoned by a naga warrior (splash of poison)]
 29123 | Snake:2  | HP: 71/214 [poisoned by a naga warrior (splash of poison)]
 29128 | Snake:2  | HP: 63/214 [poisoned by a naga warrior (splash of poison)]
 29133 | Snake:2  | HP: 58/179 [poisoned by a naga warrior (splash of poison)]
 29140 | Snake:2  | HP: 66/179 [poisoned by a naga warrior (splash of poison)]
 29148 | Snake:2  | HP: 71/179 [poisoned by a naga warrior (splash of poison)]
 29190 | Snake:2  | HP: 72/214 [naga mage/orb of energy (33)]
 29441 | Snake:2  | Noticed Vashnia
 29496 | Snake:2  | HP: 75/214 [Vashnia/bolt (34)]
 29498 | Snake:2  | Killed Vashnia
 29501 | Snake:2  | HP: 77/216 [poisoned by Vashnia (splash of poison)]
 29507 | Snake:2  | HP: 71/216 [poisoned by Vashnia (splash of poison)]
 29512 | Snake:2  | HP: 60/216 [naga sharpshooter/arrow[Vashnia] (15)]
 29518 | Snake:2  | HP: 80/216 [poisoned by Vashnia (splash of poison)]
 29526 | Snake:2  | HP: 89/216 [poisoned by Vashnia (splash of poison)]
 30027 | Snake:2  | Reached skill level 7 in Dodging
 30027 | Snake:2  | Reached skill level 8 in Ice Magic
 30358 | Snake:2  | Reached XP level 17. HP: 189/189 MP: 17/24
 30442 | Snake:2  | Killed Saint Roka
 30447 | Snake:2  | HP: 106/226 [orc warrior/scimitar[Saint Roka] (21)]
 30456 | Snake:2  | HP: 108/226 [orc/flail[Saint Roka] (1)]
 30811 | Snake:3  | HP: 113/226 [naga sharpshooter/arrow (4)]
 30816 | Snake:3  | HP: 94/226 [poisoned by a naga mage (bolt of poison)]
 30861 | Snake:3  | Reached skill level 16 in Unarmed Combat
 30869 | Snake:3  | HP: 105/226 [naga sharpshooter/arrow (10)]
 30874 | Snake:3  | HP: 59/226 [guardian serpent (2)]
 30879 | Snake:3  | HP: 63/226 [poisoned by a naga sharpshooter (splash of poison)]
 30884 | Snake:3  | HP: 78/226 [naga/flail (11)]
 30889 | Snake:3  | HP: 89/226 [poisoned by a naga (splash of poison)]
 30894 | Snake:3  | HP: 91/226 [poisoned by a naga (splash of poison)]
 30899 | Snake:3  | HP: 96/226 [poisoned by a naga (splash of poison)]
 30906 | Snake:3  | HP: 105/226 [poisoned by a naga (splash of poison)]
 30914 | Snake:3  | HP: 112/226 [poisoned by a naga (splash of poison)]
 30923 | Snake:3  | Found a frozen archway.
 30927 | Snake:3  | HP: 112/226 [ice dragon/blast of cold (4)]
 30949 | IceCv    | Entered an ice cave
 31186 | IceCv    | Reached skill level 17 in Fighting
 31434 | IceCv    | Learned a level 6 spell: Deflect Missiles
 31659 | Snake:3  | Reached skill level 1 in Air Magic
 31917 | Snake:3  | Reached skill level 8 in Dodging
 32303 | Snake:4  | Entered Level 4 of the Snake Pit
 32492 | Snake:4  | Reached skill level 2 in Air Magic
 32493 | Snake:4  | HP: 113/229 [black mamba (5)]
 32498 | Snake:4  | HP: 59/229 [poisoned by a black mamba]
 32498 | Snake:4  | HP: 23/229 [anaconda (19)]
 32502 | Snake:4  | Mangled by a mana viper

Vanquished Creatures
  Saint Roka (Snake:2)
  Vashnia (Snake:2)
  Gastronok (Lair:2)
  An orc warlord (Orc:2)
  An angel (D:11)
  Nessos (Orc:2)
  The ghost of MTVSty1e the Severer, a journeyman FoFi of Okawaru (D:14)
  Azrael (Orc:2)
  2 blizzard demons (IceCv)
  A rakshasa (D:15)
  4 hydras
  5 naga warriors
  Fannar (D:10)
  3 catoblepae (Lair:6)
  An ice dragon (Snake:3)
  6 anacondas
  6 centaur warriors
  4 two-headed ogres
  Erica (D:10)
  The ghost of skk the Cleaver, a novice DDFi of Okawaru (D:11)
  14 death yaks
  11 naga sharpshooters
  The ghost of tidbits the Transmogrifier, a journeyman VSAE of Cheibriados (Orc:2)
  3 orc high priests (Orc:2)
  7 shock serpents
  The ghost of kegs the Cleaver, a novice HOFi of Okawaru (D:8)
  Sonja (D:11)
  3 skeletal warriors (D:14)
  An unseen horror (shapeshifter) (D:14)
  3 naga ritualists
  A glowing orange brain (D:15)
  An unseen horror (D:15)
  A mana viper (Snake:1)
  Pikel (D:4)
  6 orc knights
  7 orc sorcerers
  2 deep elf magi
  7 ugly things
  4 manticores
  2 cyclopes
  4 salamanders
  4 elephants (Lair:6)
  15 naga magi
  4 guardian serpents
  3 ice statues (IceCv)
  30 black mambas
  A gargoyle (D:15)
  9 spiny frogs
  2 rime drakes (Lair:2)
  11 komodo dragons
  10 ice devils (IceCv)
  An anaconda simulacrum (IceCv)
  6 trolls
  4 polar bears
  A hornet (D:8)
  8 blink frogs
  13 slime creatures
  10 dream sheep (Lair:5)
  5 hippogriffs
  A centaur simulacrum (D:15)
  A shadow (D:12)
  6 spriggans
  2 wyverns
  2 vampires
  79 yaks
  4 fire elementals (Orc:2)
  17 humans
  3 hogs (D:8)
  A yak (shapeshifter) (D:15)
  2 basilisks
  2 hungry ghosts (D:12)
  8 vampire mosquitoes
  5 wargs
  Menkaure (D:5)
  2 iron troll simulacra (IceCv)
  A harpy simulacrum (IceCv)
  An acid dragon (D:12)
  30 nagas
  11 water moccasins
  6 hydra simulacra (IceCv)
  2 soldier ants
  8 porcupines
  2 hell hounds (D:10)
  An ice beast (D:5)
  2 phantoms
  A sky beast (shapeshifter) (D:15)
  24 orc warriors
  3 sky beasts
  A slave (D:4)
  3 black bears
  9 wolves
  3 boggarts (D:11)
  A necrophage (D:7)
  22 centaurs
  9 ogres
  16 crocodiles
  6 big kobolds
  13 bullfrogs
  2 gnoll sergeants
  2 wyvern skeletons
  4 scorpions
  A troll zombie (D:12)
  9 killer bees
  5 howler monkeys
  8 wights
  4 lava snakes (Snake:1)
  3 centaur zombies
  A quasit (D:8)
  5 hounds
  2 jellies
  3 crimson imps
  4 bullfrog skeletons
  21 orc wizards
  2 centaur skeletons
  13 orc priests
  Crazy Yiuf (D:3)
  Terence (D:2)
  5 iguanas
  7 worker ants
  7 ogre zombies (D:12)
  3 hound zombies
  3 hound skeletons
  A worker ant zombie (D:5)
  15 gnolls
  A howler monkey skeleton (D:11)
  16 adders
  3 shadow imps
  2 oozes
  3 dart slugs (D:2)
  10 leopard geckos
  63 orcs
  3 giant cockroaches
  10 goblins
  9 hobgoblins
  A jackal (shapeshifter) (D:15)
  11 jackals
  28 kobolds
  3 quokkas
  A ball python (Snake:1)
  3 bats
  6 frilled lizards
  A goblin skeleton (D:12)
  5 goblin zombies (D:12)
  A hobgoblin skeleton (D:12)
  2 hobgoblin zombies (D:12)
  A leopard gecko skeleton (D:5)
  3 orc skeletons (D:12)
  13 orc zombies (D:12)
  13 rats
916 creatures vanquished.

Vanquished Creatures (collateral kills)
  Snorg (Lair:4)
  The ghost of ahub the Fighter, a journeyman DsFi of Cheibriados (D:11)
  A hydra (Lair:3)
  2 blink frogs (Lair:5)
  A dream sheep (Lair:5)
  A water moccasin (Lair:3)
  An ogre (D:8)
  An orc warrior (Snake:2)
  A crocodile (Lair:3)
  A bullfrog (Lair:4)
  An adder (D:3)
  2 orcs
  A quokka (D:5)
15 creatures vanquished.

Vanquished Creatures (others)
  A worker ant (D:4)
  An adder (D:4)
  An adder skeleton (D:4)
  3 orcs (D:4)
  A giant cockroach (D:4)
  9 fungi
  13 plants
29 creatures vanquished.

Grand Total: 960 creatures vanquished

Table legend:
 A = Turns spent in this place as a percentage of turns spent in the entire game.
 B = Non-inter-level travel turns spent in this place as a percentage of non-inter-level travel turns spent in the entire game.
 C = Inter-level travel turns spent in this place as a percentage of turns spent in this place.
 D = Turns resting spent in this place as a percentage of non-inter-level travel turns spent in this place.
 E = Turns spent auto-exploring this place as a percentage of non-inter-level travel turns spent in this place.
 F = Non-inter-level travel turns spent in this place divided by the number of levels of this place that you've seen.
                   A       B       C       D       E      F
               +-------+-------+-------+-------+-------+----------------------
         Total | 100.0 | 100.0 |   6.1 |  26.9 |  51.3 | 1089.4
       Dungeon |  52.9 |  52.7 |   6.6 |  25.5 |  52.2 | 1070.9
          Lair |  22.1 |  21.7 |   7.7 |  14.6 |  66.4 | 1103.7
     Snake Pit |  14.3 |  14.7 |   3.6 |  35.6 |  40.8 | 1120.2
  Orcish Mines |   8.9 |   9.0 |   5.3 |  46.4 |  33.2 | 1368.0
      Ice Cave |   1.8 |   2.0 |   0.0 |  44.3 |  18.8 | 601.0
               +-------+-------+-------+-------+-------+----------------------
